 Dungeon Crawl Stone Soup version 0.17-a0-1534-gf98da79 (webtiles) character file.

112 Eptagon the Insei (level 4, -2/30 HPs)
             Began as an Octopode Transmuter on July 17, 2015.
             Was a Follower of Sif Muna.
             Killed from afar by an orc wizard (10 damage)
             ... with a magic dart
             ... on level 4 of the Dungeon.
             The game lasted 00:05:46 (3661 turns).

Eptagon the Insei (Octopode Transmuter)             Turns: 3661, Time: 00:05:46

Health: -2/30      AC:  1    Str:  9    XL:     4   Next: 93%
Magic:  7/7        EV: 12    Int: 15    God:    Sif Muna [*.....]
Gold:   205        SH:  0    Dex: 13    Spells: 1 memorised, 6 levels left

rFire  . . .     SeeInvis .       - Unarmed
rCold  . . .     Clarity  .     (no shield)
rNeg   . . .     SustAt   .     (helmet restricted)
rPois  .         Gourm    .     (no amulet)
rElec  +         Spirit   .     (no ring)
rCorr  .         Warding  .     (no ring)
rMut   .         Stasis   .     (no ring)
MR     .....                    (no ring)
Stlth  ++........               (no ring)
                                (no ring)
                                (no ring)
                                (no ring)

@: not resistant to hostile enchantments, unstealthy
A: almost no armour, amphibious, 8 rings, constrict 8, camouflage 1, electricity
resistance, gelatinous body 1
a: Channel Energy, Renounce Religion


You were on level 4 of the Dungeon.
You worshipped Sif Muna.
Sif Muna was aware of your devotion.
You were not hungry.

You visited 1 branch of the dungeon, and saw 4 of its levels.

You collected 205 gold pieces.

Inventory:

Hand weapons
 a - a +0 hunting sling
Missiles
 n - 4 steel tomahawks (quivered)
Magical staves
 q - an uncursed staff of poison
Scrolls
 e - a scroll of magic mapping {unknown}
 g - 2 scrolls of noise {unknown}
 h - 3 scrolls of identify
 l - a scroll of enchant armour {unknown}
 m - a scroll of blinking {unknown}
Potions
 d - 4 potions of heal wounds
 k - a potion of haste
Books
 b - a book of Changes

   Spells                             Type                      Level
   a - Beastly Appendage              Transmutation                1
   b - Sticks to Snakes               Transmutation                2
   c - Spider Form                    Transmutation/Poison         3
   d - Ice Form                       Ice/Transmutation            4
   e - Blade Hands                    Transmutation                5
Comestibles
 c - 2 bread rations
 f - 3 royal jellies
 i - a beef jerky
 j - 4 fruits
 o - 3 chunks of flesh
 p - a meat ration


   Skills:
 + Level 2.5 Fighting
 - Level 2.0 Dodging
 * Level 4.6 Unarmed Combat
 - Level 2.0 Spellcasting
 + Level 2.2 Transmutations


You had 6 spell levels left.
You knew the following spells:

 Your Spells              Type           Power        Failure   Level  Hunger
a - Beastly Appendage     Trmt           #.....       12%         1    #......


Dungeon Overview and Level Annotations

Branches:
Dungeon (4/15)
 Temple: D:4-7

Altars:
Qazlal
Sif Muna
Zin


Innate Abilities, Weirdness & Mutations

You cannot wear most types of armour.
You are amphibious.
You can wear up to eight rings at the same time.
You can use your tentacles to constrict eight enemies at once.
Your skin changes colour to match your surroundings (Stealth).
Your rubbery body absorbs attacks (AC +1).
You are resistant to electric shocks.


Message History

The orc shouts!
You tentacle-slap the orc wizard but do no damage.
Your grab misses the orc wizard.
The orc hits you from afar with a trident!
The orc wizard hits you with a dagger.
The orc wizard looks braver for a moment.
You tentacle-slap the orc wizard. Your grab misses the orc wizard.
The orc wizard is lightly wounded.
The orc wizard hits you with a dagger.
A hobgoblin comes into view. It is wielding a club.
The hobgoblin shouts!
You tentacle-slap the orc wizard. You grab the orc wizard.
The orc wizard is lightly wounded.
You constrict the orc wizard, but do no damage.
The orc wizard casts a spell at you. The puff of flame hits you!
* * * LOW HITPOINT WARNING * * *
The orc wizard gestures at you while chanting.
The magic dart hits you!
You die...

# ##.###.##.# #
#⌠⌠ #....#..#.#.#
#.##.##......#.#.#
⌠#≈.......#......#
.#≈###..#<#....###
##.###.....#
#........##
#######...#
...?...>@#
########.ooo.#
..oo....g
.#####.### #. # #


You could see 2 orc wizards, 3 orcs and a hobgoblin.

Vanquished Creatures
  5 adders
  2 worms
  6 orcs (D:3)
  A bat skeleton (D:4)
  2 giant cockroaches
  4 goblins
  6 hobgoblins
  3 jackals (D:3)
  7 kobolds
  2 ball pythons (D:3)
  6 bats
  4 giant newts
  8 rats
56 creatures vanquished.

Vanquished Creatures (others)
  A fungus (D:1)
1 creature vanquished.

Grand Total: 57 creatures vanquished

Notes
Turn   | Place    | Note
--------------------------------------------------------------
     0 | D:1      | Eptagon the Octopode Transmuter began the quest for the Orb.
     0 | D:1      | Reached XP level 1. HP: 13/13 MP: 3/3
    71 | D:1      | Reached XP level 2. HP: 8/18 MP: 5/5
  1102 | D:1      | Reached XP level 3. HP: 18/24 MP: 6/6
  1434 | D:2      | Reached skill level 4 in Unarmed Combat
  1682 | D:2      | Gained mutation: You are resistant to electric shocks. [potion of beneficial mutation]
  1932 | D:2      | Found a glowing silver altar of Zin.
  1940 | D:2      | Found a faded altar to an unknown god.
  1948 | D:2      | Became a worshipper of Sif Muna the Loreminder
  1948 | D:2      | Acquired Sif Muna's first power
  1958 | D:2      | Reached XP level 4. HP: 15/29 MP: 7/7
  2274 | D:2      | Found a stormy altar of Qazlal.
  3661 | D:4      | Killed from afar by an orc wizard

Vault maps used:
D:1:      dpeg_arrival_prison, st_stairs_1
D:2:      lemuel_doored_altar, zin_academy, ecumenical_altar_1,
          minmay_misc_feat_nine_boxes
D:4:      enter_ossuary_5, tgw_xom, uniq_eustachio

Action                   |  1- 3 |  4- 6 || total
-------------------------+-------+-------++-------
Melee: Unarmed           |    63 |    52 ||   115
  Use: Scroll            |     3 |     1 ||     4
       Potion            |     1 |       ||     1
 Stab: Sleeping          |     3 |     6 ||     9
  Eat: Chunk             |     3 |     5 ||     8
